 Dungeon Crawl Stone Soup version 0.28-a0-984-g3775c662fe (webtiles) character file.

Game seed: 7586569975700780111

332 enile the Skirmisher (level 6, -3/51 HPs)
             Began as a Formicid Cinder Acolyte on Dec 3, 2021.
             Was a High Priest of Ignis.
             Shot with a stone by a goblin (5 damage)
             ... on level 3 of the Dungeon.
             The game lasted 00:05:17 (2736 turns).

enile the Skirmisher (Formicid Cinder Acolyte)      Turns: 2736, Time: 00:05:18

Health: -3/51      AC:  2    Str: 19    XL:     6   Next: 82%
Magic:  7/7        EV: 11    Int: 13    God:    Ignis [*****.]
Gold:   74         SH:  0    Dex:  6    Spells: 5/7 levels left

rFire   + . .      SeeInvis +   a - -1 spear (flame)
rCold   + . .      Faith    .   (no shield)
rNeg    . . .      Spirit   .   b - +0 robe
rPois   .          Reflect  .   (helmet unavailable)
rElec   .          Harm     .   (no cloak)
rCorr   .          Rampage  .   (no gloves)
Will    .....                   (no boots)
Stlth   ++........              (no amulet)
HPRegen 0.17/turn               (no ring)
MPRegen 0.10/turn               (no ring)

@: no status effects
A: permanent stasis, dig shafts and tunnels, antennae 3, four strong arms, cold
resistance 1, mutation resistance 1, weak 1
a: Dig, Shaft Self, Renounce Religion, Fiery Armour, Foxfire Swarm, Rising Flame


You were on level 3 of the Dungeon.
You worshipped Ignis.
Ignis was extremely pleased with you.
You visited 1 branch of the dungeon, and saw 3 of its levels.

You collected 74 gold pieces.

Inventory:

Hand Weapons
 a - a -1 spear of flaming (weapon)
Armour
 b - a +0 robe (worn)
Scrolls
 d - a scroll of immolation
 j - a scroll of amnesia {unknown}
 k - a scroll of silence
Potions
 c - a potion of haste


   Skills:
 + Level 5.5 Fighting
 - Level 4.0 Polearms
 - Level 3.0 Armour
 - Level 1.0 Dodging
 - Level 3.0 Stealth
 - Level 1.1 Spellcasting
 - Level 3.0 Fire Magic


You had 5 spell levels left.
You knew the following spells:

 Your Spells              Type           Power      Damage    Failure   Level
a - Scorch                Fire           16%        2d5       12%         2

Your spell library contained the following spells:

 Spells                   Type           Power      Damage    Failure   Level


Dungeon Overview and Level Annotations

Branches:
Dungeon (3/15)

Altars:


Innate Abilities, Weirdness & Mutations

You cannot be hasted, slowed, berserked, paralysed or teleported.
You can dig through walls and to a lower floor.
You have a pair of large antennae on your head. (SInv)
Your four strong arms can wield two-handed weapons with a shield.
Your flesh is cold resistant. (rC+)
You are somewhat resistant to further mutation.
You are weak. (Str -2)


Message History

You see here a hobgoblin corpse.
The goblin shoots a stone.
The stone hits you but does no damage.
You hit the adder but do no damage. The adder bites you.
* * * LOW HITPOINT WARNING * * *
You are poisoned.
The adder poisons you!
You closely miss the adder.
You feel sick. The adder closely misses you.
Unknown command.
Unknown command.
You feel sick.
You feel sick. The adder barely misses you.
You barely miss the adder. The adder closely misses you.
You completely miss the adder.
You feel sick. The adder bites you.
* * * LOW HITPOINT WARNING * * *
You hit the adder. You burn the adder.
The adder is moderately wounded.
You feel sick.
You are no longer poisoned.
The adder closely misses you.
You hit the adder. You burn the adder.
The adder is heavily wounded.
The adder bites you.
* * * LOW HITPOINT WARNING * * *
You hit the adder. You burn the adder.
The adder is severely wounded.
The adder bites you.
* * * LOW HITPOINT WARNING * * *
The adder bites you.
* * * LOW HITPOINT WARNING * * *
You hit the adder. You burn the adder.
The adder is almost dead.
The adder bites you.
* * * LOW HITPOINT WARNING * * *
You hit the adder. You burn the adder.
You kill the adder!
The goblin shoots a stone.
The stone hits you.
* * * LOW HITPOINT WARNING * * *
Okay, then.
The goblin shoots a stone.
The stone hits you.
You die...

######
#########....## .
##.........##..# ..
####..###########.#
S.. ## #g†.@## #.#
..#....######.####
#.#
#....#.........###
#.##
.$....###........####
#..#
#.†...†...........
##.#
##....######.#####
..#####.# ###### ..#
#.......## #..#
######.... #.# ##.#.


You could see a goblin.

Vanquished Creatures
  Grinder (D:3)
  A hound (D:3)
  Jessica (D:2)
  3 adders
  An adder skeleton (D:2)
  2 worms (D:2)
  A dart slug (D:2)
  2 ball pythons
  3 bats
  An endoplasm (D:1)
  2 giant cockroaches (D:2)
  4 goblins
  2 hobgoblins
  4 jackals (D:2)
  5 kobolds
  4 quokkas
  A frilled lizard (D:2)
  2 rats
40 creatures vanquished.

Vanquished Creatures (others)
  9 foxfires (D:2)
9 creatures vanquished.

Grand Total: 49 creatures vanquished

Notes
Turn   | Place    | Note
-------+----------+-------------------------------------------
     0 | D:1      | enile the Formicid Cinder Acolyte began the quest for the
                  | Orb.
     0 | D:1      | Reached XP level 1. HP: 18/18 MP: 2/2
   300 | D:1      | Reached XP level 2. HP: 25/25 MP: 3/3
   679 | D:1      | Reached skill level 4 in Fighting
   730 | D:2      | Reached skill level 1 in Armour
   730 | D:2      | Reached XP level 3. HP: 5/30 MP: 4/4
   979 | D:2      | Learned a level 2 spell: Scorch
  1304 | D:2      | Reached skill level 1 in Dodging
  1529 | D:2      | Noticed Jessica
  1538 | D:2      | Killed Jessica
  1539 | D:2      | Reached XP level 4. HP: 19/38 MP: 1/5
  2102 | D:3      | Reached skill level 5 in Fighting
  2387 | D:3      | Reached XP level 5. HP: 17/44 MP: 2/6
  2614 | D:3      | Noticed Grinder
  2627 | D:3      | Gained mutation: You are weak. (Str -2) [potion of
                  | mutation]
  2627 | D:3      | Gained mutation: Your flesh is cold resistant. (rC+)
                  | [potion of mutation]
  2627 | D:3      | Gained mutation: You are somewhat resistant to further
                  | mutation. [potion of mutation]
  2636 | D:3      | HP: 2/44 [Grinder (4)]
  2645 | D:3      | Killed Grinder
  2646 | D:3      | Reached XP level 6. HP: 17/51 MP: 7/7
  2735 | D:3      | HP: 2/51 [goblin/stone (1)]
  2736 | D:3      | Shot with a stone by a goblin

Illustrated notes

Levels and vault maps discovered:
D:1:      zelgadis_glass_arrival_small, layout_loops_cross
D:2:      wander_river, layout_basic, serial_bayou_pond_d, uniq_jessica
D:3:      layout_rooms, ebering_ecumenical_altar_petrified, uniq_grinder

Skill      XL: |  1  2  3  4  5 |
---------------+----------------+-----
Fighting       | 4 5 |  5.5
Armour         | 1 2 3 |  3.0
Dodging        | 1 |  1.0
Stealth        | 2 3 |  3.0
Polearms       | 4 |  4.0
Spellcasting   | |  1.1
Fire Magic     | |  3.0

Action                   |  1- 3 |  4- 6 || total
-------------------------+-------+-------++-------
Melee: Spear             |    62 |    84 ||   146
 Cast: Scorch            |    11 |     3 ||    14
Invok: Foxfire Swarm     |     1 |       ||     1
       Fiery Armour      |       |     1 ||     1
  Use: Scroll            |       |     3 ||     3
       Potion            |       |     6 ||     6
 Stab: Sleeping          |       |     1 ||     1
Armor: Robe              |    14 |    18 ||    32
Dodge: Dodged            |    35 |    43 ||    78

Table legend: (Time is in decaauts)
 A = Elapsed time spent in this place.
 B = Non-inter-level travel time spent in this place.
 C = Inter-level travel time spent in this place.
 D = Time resting spent in this place.
 E = Time spent auto-exploring this place.
 F = Levels seen in this place.
 G = Mean time per level.
                   A        B        C        D        E       F      G
               +--------+--------+--------+--------+--------+-----+--------+
         Total |   2746 |   2643 |    103 |    233 |   2045 |   3 |  915.3 |
       Dungeon |   2746 |   2643 |    103 |    233 |   2045 |   3 |  915.3 |
               +--------+--------+--------+--------+--------+-----+--------+

Top non-repeatable levels by time:
     D:2: 1646 daAuts
     D:1: 702 daAuts
     D:3: 397 daAuts
